 Dungeon Crawl Stone Soup version 0.31.0-11-ge490571c62 (webtiles) character file.

Game seed: 11582936897156137268

1831 funnyparkerb the Trooper (level 8, -12/40 HPs)
             Began as a Felid Shapeshifter on Feb 10, 2024.
             Was an Initiate of Gozag.
             Mangled by an orc
             ... wielding a +1 whip of electrocution
              (20 damage)
             ... on level 6 of the Dungeon.
             The game lasted 00:14:56 (5515 turns).

funnyparkerb the Trooper (Felid Shapeshifter)       Turns: 5515, Time: 00:14:58

Health: -12/40     AC:  2    Str:  9    XL:     8   Next: 86%
Magic:  9/9        EV: 22    Int: 11    God:    Gozag
Gold:   220        SH:  0    Dex: 22    Spells: 7/7 levels left
                                        Lives:  0   Deaths: 3

rFire   . .          .
                       - Unarmed
rCold   . . .        (shield unavailable)
rNeg    . . .        (body armour unavailable)
rPois   .            (helmet unavailable)
rElec   .            (cloak unavailable)
rCorr   +            (gloves unavailable)
SInv    +            (boots unavailable)
Will    +....        (no amulet)
Stlth   +++          o - ring of resist corrosion
HPRegen 0.26/turn    (no ring)
MPRegen 0.11/turn

%: clarity
@: beast-form, gold aura
A: beast (slay +2), very small, claws 1, fangs 3, see invisible, shaggy fur 2,
stealthy paws, no weapons or thrown items, no armour, multi-lived, agile 1,
clarity, dopey 1, frail 1
a: Begin Untransformation, Renounce Religion, Potion Petition, Call Merchant,
Bribe Branch


You were on level 6 of the Dungeon.
You worshipped Gozag.
Gozag was aware of your devotion.
You were a hulking beast.
You visited 2 branches of the dungeon, and saw 7 of its levels.

You collected 309 gold pieces.
You paid 89 gold pieces to Gozag.

Inventory:

Jewellery
 g - the amulet of Vaponk {rPois Will+ Regen+ Dex-5 Stlth+}
   (You found it on level 6 of the Dungeon)

   [amulet of regeneration]

   Dex-5:     It affects your dexterity (-5).
   rPois:     It protects you from poison Will+: It increases your willpower.
   Regen+:    It increases your rate of health regeneration.
   Stlth+:    It makes you more stealthy.
 o - a ring of resist corrosion (left paw)
Talismans
 b - a beast talisman (active)
 c - a flux talisman
 e - a blade talisman
Wands
 f - a wand of acid (12)
 u - a wand of polymorph (6)
Scrolls
 a - a scroll of fear {unknown}
 h - a scroll of butterflies {unknown}
 i - a scroll of vulnerability {unknown}
 j - 2 scrolls of enchant weapon
 m - a scroll of amnesia {unknown}
 n - a scroll of blinking {unknown}
 p - a scroll of noise {unknown}
 q - a scroll of teleportation
 s - a scroll of poison {unknown}
Potions
 d - a potion of curing
 k - a potion of degeneration
 l - a potion of brilliance
 r - a potion of berserk rage
 t - a potion of magic {unknown}


   Skills:
 + Level 6.4 Fighting
 + Level 6.0 Dodging
 - Level 5.0 Stealth
 + Level 6.3 Unarmed Combat
 + Level 5.2 Shapeshifting


You had 7 spell levels left.
You didn't know any spells.
Your spell library contained the following spells:

 Spells                   Type           Power      Damage    Failure   Level
 Fugue of the Fallen      Necr           0%         N/A       71%         3
 Ozocubu's Armour         Ice            0%         N/A       71%         3
 Manifold Assault         Tloc           0%         N/A       98%         4


Dungeon Overview and Level Annotations

Branches:
Dungeon (6/15)             Temple (1/1) D:6

Altars:
Ashenzari
Cheibriados
Dithmenos
Elyvilon
Fedhas
Gozag
Hepliaklqana
Kikubaaqudgha
Makhleb
Nemelex Xobeh
Okawaru
Ru
Sif Muna
Trog
Uskayaw
Vehumet
Wu Jian
Xom
Yredelemnul
Zin
The Shining One

Annotations:
D:6 1 runed translucent door


Innate Abilities, Weirdness & Mutations

You are a hulking beast.
Your limbs bulge with bestial killing power. (Slay +2)
You have sharp claws.
You have razor-sharp teeth.
You have supernaturally acute eyesight. (SInv)
You are covered in thick fur. (AC +2)
Your paws help you pounce on unaware monsters.
You are incapable of wielding weapons or throwing items.
You cannot wear armour.
You gain extra lives every three experience levels.
You are agile. (Dex +4, Str/Int -1)
You possess an exceptional clarity of mind.
You are dopey. (Int -2)
You are frail. (-10% HP)


Message History

The orc shouts!
An orc comes into view. It is wielding a +0 whip.
There are monsters nearby!
The orc shouts!
You scratch the orc.
The orc is severely wounded.
You hear a shout!
The orc hits you with a +2 mace of protection.
You scratch the orc but do no damage.
The orc is severely wounded.
The orc hits you with a +2 mace of protection.
You barely miss the orc.
The orc is severely wounded.
The orc closely misses you.
You scratch the orc.
You kill the orc!
The orc is distracted by your dazzling golden aura. x2
The orc shouts!
You claw the orc!
You kill the orc!
The orc hits you with a +1 whip of electrocution.
Items here: $ )) [[.
You closely miss the orc.
The orc is no longer distracted by gold. x2
The orc hits you with a +1 whip of electrocution.
You are electrocuted!
* * * LOW HITPOINT WARNING * * *
The orc completely misses you.
You are too injured to fight recklessly!
You are too injured to fight recklessly!
The orc is distracted by your dazzling golden aura.
You are too injured to fight recklessly!
You scratch the orc.
The orc is moderately wounded.
The orc hits you with a +1 whip of electrocution.
* * * LOW HITPOINT WARNING * * *
You are electrocuted!!
Ouch! That really hurt!
You die...
Your body crumbles into a pile of gold.

###..................#.#.#.......
.......#...###.##....#)#.#.......
.......###...........#.#.#.......
.......##....#####...#.#.#.#####.
#########....#....'#...#...# #.
.............#.###.######### #.
.............#.#.'.........# #.
......########.#.####.....######.
.#.............#h# ####.........
...#############o# #.########
.#......#.$.oo$..#######'### ##
....#######...####.........#
.#.## #... #.........# ...# #...
#.........# ####### #...
#####.....# .....<# #...
###.....###### ...).### #...
..............


You could see an orc.

Vanquished Creatures
  Pikel (D:4)
  Maggie (D:6)
  Eustachio (D:5)
  An ice beast (D:5)
  A centaur (D:5)
  An ogre (D:5)
  2 phantoms
  A hound (D:6)
  2 jellies (D:5)
  3 bombardier beetles
  A sleepcap (D:5)
  3 iguanas (D:6)
  An orc wizard (D:4)
  Robin (D:2)
  5 adders
  4 gnolls
  2 ufetubi (D:5)
  4 dart slugs
  12 orcs
  7 ball pythons
  6 bats
  3 endoplasms
  5 giant cockroaches
  16 goblins
  6 hobgoblins
  3 jackals (D:2)
  6 kobolds
  6 quokkas
  5 frilled lizards
  2 rats (D:1)
112 creatures vanquished.

Vanquished Creatures (others)
  A human (D:3)
1 creature vanquished.

Grand Total: 113 creatures vanquished

Notes
Turn   | Place    | Note
-------+----------+-------------------------------------------
     0 | D:1      | funnyparkerb the Felid Shapeshifter began the quest for the
                  | Orb.
     0 | D:1      | Reached XP level 1. HP: 10/10 MP: 2/2
   196 | D:1      | Reached XP level 2. HP: 14/14 MP: 3/3
   830 | D:2      | Reached XP level 3. HP: 18/18 MP: 4/4
  1085 | D:2      | Noticed Robin
  1390 | D:1      | Reached XP level 4. HP: 15/23 MP: 5/5
  1390 | D:1      | Gained a life (2 lives remaining)
  1428 | D:2      | Killed Robin
  1731 | D:3      | Found an ancient bone altar of Kikubaaqudgha.
  1732 | D:3      | Noticed a human
  1734 | D:3      | Killed a human
  2206 | D:4      | Reached XP level 5. HP: 28/28 MP: 6/6
  2435 | D:5      | Entered Level 5 of the Dungeon
  2447 | D:5      | Noticed a phantom
  2471 | D:4      | Killed a phantom
  2520 | D:4      | Gained mutation: You are covered in thick fur. (AC +2)
                  | [Felid growth]
  2520 | D:4      | Reached XP level 6. HP: 30/32 MP: 7/7
  2708 | D:4      | Noticed Pikel
  2733 | D:4      | Killed Pikel
  2734 | D:4      | Reached skill level 5 in Fighting
  2734 | D:4      | Reached skill level 5 in Unarmed Combat
  2734 | D:4      | Reached XP level 7. HP: 39/39 MP: 8/8
  2862 | D:4      | Found a shimmering altar of Xom.
  3063 | D:5      | Slain by an ufetubus
  3063 | D:5      | Lost a life (1 life remaining)
  3252 | D:5      | Found a burning altar of Makhleb.
  3304 | D:5      | Reached XP level 8. HP: 44/44 MP: 9/9
  3304 | D:5      | Gained a life (2 lives remaining)
  3736 | D:5      | Noticed Eustachio
  3741 | D:5      | Killed Eustachio
  3913 | D:5      | Reached skill level 5 in Dodging
  4187 | D:6      | Noticed Maggie
  4437 | D:6      | HP: 2/44 [Maggie/+5 morningstar of protection (20)]
  4439 | D:6      | Demolished by Maggie
  4439 | D:6      | Lost a life (1 life remaining)
  4440 | D:6      | Found a staircase to the Ecumenical Temple.
  4454 | D:6      | Identified the amulet of Vaponk {rPois Will+ Regen+ Dex-5
                  | Stlth+}
  4463 | Temple   | Entered the Ecumenical Temple
  4469 | Temple   | Became a worshipper of Gozag Ym Sagoz the Greedy
  4582 | D:6      | Found a runed translucent door.
  4702 | D:6      | Gained mutation: You are frail. (-10% HP) [potion of
                  | mutation]
  4702 | D:6      | Gained mutation: You are agile. (Dex +4, Str/Int -1)
                  | [potion of mutation]
  4702 | D:6      | Gained mutation: You are dopey. (Int -2) [potion of
                  | mutation]
  4702 | D:6      | Gained mutation: You possess an exceptional clarity of
                  | mind. [potion of mutation]
  4715 | D:6      | Mangled by Maggie
  4715 | D:6      | Lost a life (0 lives remaining)
  4760 | D:6      | HP: 1/39 [Maggie/+5 morningstar of protection (14)]
  4764 | D:6      | Killed Maggie
  4765 | D:6      | Reached skill level 5 in Stealth
  4765 | D:6      | Reached skill level 5 in Shapeshifting
  5054 | D:6      | Found a sacrificial altar of Ru.
  5364 | D:6      | Identified the +3 dagger of Popular Demand {drain, Fly
                  | Will+}
  5431 | D:6      | Found a hide-covered altar of Uskayaw.
  5515 | D:6      | Mangled by an orc

Illustrated notes

Levels and vault maps discovered:
D:1:      shiori_arrival_maze, layout_loops_ring
D:2:      layout_rooms, uniq_robin
D:3:      layout_basic, tgw_kikubaaqudgha
D:4:      layout_loops_cross, kennysheep_mini, uniq_pikel
D:5:      layout_gridville, mainiacjoe_overflow_tiny_flanked,
          minmay_misc_feat_plants, uniq_eustachio, uniq_crazy_yiuf_cottage
D:6:      layout_basic, nicolae_ru_the_path_less_chosen, old_standard_altar,
          minmay_temple_entry_ruins, serial_co_window_serial, co_window_paths_a,
          co_window_corner_a, co_window_paths_b, co_window_paths_b,
          co_window_paths_a, co_window_corner_a, co_window_corner_a,
          co_window_broadway_b, co_window_of_opportunity_c, co_window_2corner,
          co_window_unsneaky_path_b, co_window_2corner, co_window_corner_ca,
          glass_columns_a, glass_columns_a, glass_columns_a, glass_columns_b,
          lightli_church_of_beogh, uniq_maggie
Temple:   nicolae_temple_bog_church

Skill      XL: |  1  2  3  4  5  6  7  8 |
---------------+-------------------------+-----
Shapeshifting  | 3 4 5 |  5.2
Fighting       | 2 3 5 6 |  6.4
Unarmed Combat | 4 5 6 |  6.3
Dodging        | 3 4 6 |  6.0
Stealth        | 2 3 5 |  5.0

Action                     |  1- 3 |  4- 6 |  7- 9 || total
---------------------------+-------+-------+-------++-------
  Melee: Unarmed           |   100 |    87 |   158 ||   345
         Bite              |     9 |    11 |    23 ||    43
         Punch             |     6 |     7 |     7 ||    20
    Use: Potion            |       |     3 |     2 ||     5
         Scroll            |       |       |     6 ||     6
   Stab: Sleeping          |     3 |     4 |     7 ||    14
 Armour: Skin              |    40 |    33 |    83 ||   156
  Dodge: Dodged            |    91 |    53 |   157 ||   301
   Form: Beast             |     2 |       |       ||     2
                           |     1 |       |       ||     1
